 Dungeon Crawl Stone Soup version 0.31.0-11-ge490571c62 (webtiles) character file.

Game seed: 5006854559840667235

98 qw the Shooter (level 4, -1/25 HPs)
             Began as a Deep Elf Hunter on Feb 3, 2024.
             Asphyxiated
             ... on level 3 of the Dungeon.
             The game lasted 00:00:30 (1479 turns).

qw the Shooter (Deep Elf Hunter)                    Turns: 1479, Time: 00:00:31

Health: -1/25      AC:  7    Str: 10    XL:     4   Next: 43%
Magic:  6/6        EV: 11    Int: 14    God:
Gold:   55         SH:  0    Dex: 18    Spells: 3/3 levels left

rFire   . . .        d - +2 shortbow (flame)
rCold   . . .        (shield currently unavailable)
rNeg    . . .        b - +0 ring mail
rPois   .            (no helmet)
rElec   .            (no cloak)
rCorr   .            f - +1 pair of gloves
SInv    .            (no boots)
Will    .....        (no amulet)
Stlth   +            (no ring)
HPRegen 0.24/turn    (no ring)
MPRegen 0.10/turn

%: no passive effects
@: lethally poisoned (-1 -> -20)
A: no striking features
a: no special abilities


You were on level 3 of the Dungeon.
You visited 1 branch of the dungeon, and saw 3 of its levels.

You collected 118 gold pieces.
You spent 63 gold pieces at shops.


   Skills:
 - Level 1.5 Fighting
 + Level 7.9 Ranged Weapons
 - Level 2.4 Dodging
 - Level 1.2 Stealth


You had 3 spell levels left.
You didn't know any spells.
Your spell library was empty.

Inventory:

Hand Weapons
 d - a +2 shortbow of flaming (weapon)
Armour
 b - a +0 ring mail (worn)
 f - a +1 pair of gloves (worn)
 j - a +0 cloak
Jewellery
 i - an amulet of guardian spirit
Scrolls
 a - 3 scrolls of teleportation
 c - 3 scrolls of identify
Potions
 e - a potion of resistance {unknown}
 g - a potion of lignification {unknown}
 h - 4 potions of heal wounds

Dungeon Overview and Level Annotations

Branches:
Dungeon (3/15)

Altars:

Shops:
D:3 [


Message History

There is an escape hatch in the ceiling here.
A kobold and a kobold brigand come into view.
The kobold brigand is wielding a +0 long sword of flaming, quivering curare-tipped darts and carrying a wand of acid.
You shoot an arrow. The kobold brigand shouts!
The arrow hits the kobold.
The arrow burns the kobold.
The kobold is heavily wounded.
You hear a shout!
You shoot an arrow. The arrow closely misses the kobold.
The kobold brigand zaps a wand.
The bolt of acid hits the kobold!!
The acid corrodes the kobold!
The kobold dies!
The bolt of acid misses you.
You shoot an arrow. The arrow hits the kobold brigand.
The arrow burns the kobold brigand.
The kobold brigand is lightly wounded.
You shoot an arrow. The arrow barely misses the kobold.
You shoot an arrow. The arrow hits the kobold.
The arrow burns the kobold.
You kill the kobold!
The kobold brigand zaps a wand.
The bolt of acid hits you!
Ouch! That really hurt!
You shoot an arrow. The arrow hits the kobold brigand.
The arrow burns the kobold brigand.
The kobold brigand is heavily wounded.
You shoot an arrow. The arrow hits the kobold brigand.
The arrow burns the kobold brigand.
The kobold brigand is severely wounded.
You shoot an arrow. The arrow hits the hobgoblin.
The arrow burns the hobgoblin.
The hobgoblin is almost dead.
The hobgoblin barely misses you.
The kobold brigand zaps a wand.
The bolt of acid misses you.
You shoot an arrow.
The arrow hits the hobgoblin but does no damage.
The hobgoblin is almost dead.
The hobgoblin hits you with a +0 club.
The kobold brigand throws a curare-tipped dart.
The curare-tipped dart hits you.
You are lethally poisoned!
You have difficulty breathing.
You die...

##.##.....#
###...#.###..
###~~~#...# ###
##~~~~~~~~~#
#~~~~~~~~###
#######~~~### .
#..K..##### #
#..g).).... ######
#.@###.....###~~~~~
#.##.#######.###~~~
#.##.##.# #.# ##~~
#.##.##.# #.# #.#
#.##.##.# #.# #.#
#.##.##.####.# #..
#.##......##.# #>#
#.##.###...#.# #.#
#.#%..#......# #.#


You could see a kobold brigand and a hobgoblin.

Vanquished Creatures
  3 adders
  3 dart slugs
  6 endoplasms
  5 giant cockroaches
  3 goblins (D:1)
  5 hobgoblins
  4 jackals (D:3)
  5 kobolds
  3 quokkas
  7 ball pythons
  7 bats
  2 frilled lizards
  7 rats
60 creatures vanquished.

Vanquished Creatures (others)
  A kobold (D:3)
1 creature vanquished.

Grand Total: 61 creatures vanquished

Notes
Turn   | Place    | Note
-------+----------+-------------------------------------------
     0 | D:1      | qw the Deep Elf Hunter began the quest for the Orb.
     0 | D:1      | Reached XP level 1. HP: 12/12 MP: 3/3
     0 | D:1      | 0 ||| qw: Version: 0.3-a-155-g5e7d8dd
     0 | D:1      | 0 ||| qw: Game counter: 3303
     0 | D:1      | 0 ||| qw: Melee chars always use a shield: true
     0 | D:1      | 0 ||| qw: God list: Okawaru
     0 | D:1      | 0 ||| qw: Allow faded altars: false
     0 | D:1      | 0 ||| qw: Do Orc after clearing Dungeon:15 true
     0 | D:1      | 0 ||| qw: Do second Lair branch before Depths: true
     0 | D:1      | 0 ||| qw: Lair rune preference: random
     0 | D:1      | 0 ||| qw: Goals: Normal
     0 | D:1      | 0 ||| PLANNING D:1-11
   162 | D:1      | Reached skill level 6 in Ranged Weapons
   162 | D:1      | Reached XP level 2. HP: 16/16 MP: 4/4
   459 | D:1      | 459 ||| UPGRADING to +1 pair of gloves.
   464 | D:1      | 464 ||| READING scroll labelled JAOCLUK BAISM.
   468 | D:1      | 468 ||| READING 2 scrolls labelled SASCHO ISANLILO.
   469 | D:1      | 469 ||| READING scroll labelled FADIFI JICK.
   469 | D:1      | Identified a scroll of acquirement
   469 | D:1      | 469 ||| ACQUIRING +2 shortbow of flaming
   469 | D:1      | Acquired a +2 shortbow of flaming
   471 | D:1      | 471 ||| SWAPPING to +2 shortbow of flaming.
   472 | D:1      | 472 ||| DROPPING +0 shortbow.
   473 | D:1      | 473 ||| READING scroll labelled SEOPOQARHAOLA.
   473 | D:1      | 473 ||| IDENTIFYING silvery potion
   474 | D:1      | 474 ||| DROPPING scroll of butterflies.
   475 | D:1      | 475 ||| DROPPING scroll of blinking.
   539 | D:2      | Reached XP level 3. HP: 20/20 MP: 5/5
   671 | D:2      | Identified the +6 flail of Sebe {flame, rPois rN+ Str+3}
   736 | D:2      | Reached skill level 7 in Ranged Weapons
   874 | D:2      | 874 ||| UPGRADING to +0 ring mail.
   884 | D:2      | 884 ||| DROPPING +0 leather armour.
  1069 | D:3      | Reached XP level 4. HP: 24/25 MP: 6/6
  1192 | D:3      | Found Woestrak's Armour Shop.
  1199 | D:3      | 1199 ||| BUYING +0 cloak (63 gold).
  1199 | D:3      | Bought a +0 cloak for 63 gold pieces
  1199 | D:3      | 1199 ||| SHOPLISTING +0 swamp dragon scales (700 gold, have
                  | 55).
  1199 | D:3      | 1199 ||| SHOPLISTING +1 leather armour of Instinct {SInv}
                  | (254 gold, have 55).
  1470 | D:3      | Noticed a kobold brigand
  1479 | D:3      | Asphyxiated

Levels and vault maps discovered:
D:1:      shiori_arrival_oz, layout_rooms, roderic_malta_cross, minmay_cupped
D:2:      layout_rooms
D:3:      cheibrodos_thug_alley, layout_loops_ring, serial_shops, shop

Skill      XL: |  1  2  3 |
---------------+----------+-----
Ranged Weapons | 6 7 |  7.9
Fighting       | |  1.5
Dodging        | |  2.4
Stealth        | |  1.2

Action                     |  1- 3 |  4- 6 || total
---------------------------+-------+-------++-------
   Fire: Shortbow          |    99 |    22 ||   121
    Use: Scroll            |     4 |       ||     4
 Armour: Leather armour    |     8 |       ||     8
         Ring mail         |     3 |     2 ||     5
  Dodge: Dodged            |    28 |     3 ||    31

Table legend:
 A = Non-vault XP
 B = Vault XP
 C = Vault XP percentage of total XP
 D = Non-vault monster count
 E = Vault monster count
 F = Vault count percentage of total count
                 A         B        C        D         E       F
            +---------+---------+-------+---------+---------+-------
      Total |     129 |      11 |   7.9 |      54 |       7 |  11.5
            +---------+---------+-------+---------+---------+-------
        D:1 |      24 |       9 |  27.3 |      13 |       5 |  27.8
        D:2 |      45 |       0 |   0.0 |      20 |       0 |   0.0
        D:3 |      60 |       2 |   3.2 |      21 |       2 |   8.7
            +---------+---------+-------+---------+---------+-------
